 Dungeon Crawl Stone Soup version 0.27-a0-1137-g3ef0f4ec91 (webtiles) character file.

Game seed: 2186762824998418912

56 DasRunzen the Ducker (level 3, -3/28 HPs)
             Began as a Demonspawn Gladiator on May 6, 2021.
             Was a Follower of Kikubaaqudgha.
             Slain by an orc
             ... wielding a +0 flail
              (9 damage)
             ... on level 2 of the Dungeon.
             The game lasted 00:02:43 (2204 turns).

DasRunzen the Ducker (Demonspawn Gladiator)         Turns: 2204, Time: 00:02:43

Health: -3/28      AC:  5    Str: 14    XL:     3   Next: 71%
Magic:  3/3        EV:  9    Int: 10    God:    Kikubaaqudgha [*.....]
Gold:   123        SH:  3    Dex: 14    Spells: 1/2 levels left

rFire    . . .     SeeInvis .   a - +0 trident
rCold    . . .     Faith    .   i - +0 buckler
rNeg     . . .     Spirit   .   b - +0 leather armour
rPois    .         Reflect  .   c - +0 helmet
rElec    .         Harm     .   m - +0 cloak
rCorr    .         Rampage  .   (no gloves)
Will     .....                  (no boots)
Stlth    +.........             (no amulet)
HPRegen  0.09/turn              (no ring)
MPRegen  0.08/turn              (no ring)

@: constricted
A: talons 1, ignite blood 1
a: Renounce Religion, Receive Corpses


You were on level 2 of the Dungeon.
You worshipped Kikubaaqudgha.
Kikubaaqudgha was aware of your devotion.
You visited 1 branch of the dungeon, and saw 3 of its levels.

You collected 123 gold pieces.

Inventory:

Hand Weapons
 a - a +0 trident (weapon)
Missiles
 d - 3 throwing nets (quivered)
Armour
 b - a +0 leather armour (worn)
 c - a +0 helmet (worn)
 i - a +0 buckler (worn)
 m - a +0 cloak (worn)
Jewellery
 h - a ring of protection from cold
 j - a +4 ring of protection
Potions
 e - a potion of curing
 g - 2 potions of lignification {unknown}
 k - a potion of magic {unknown}
 l - a potion of heal wounds {unknown}


   Skills:
 + Level 2.7 Fighting
 + Level 3.2 Polearms
 - Level 1.7 Throwing
 + Level 3.3 Dodging
 + Level 0.4 Shields
 + Level 0.1 Spellcasting
 + Level 0.3 Necromancy


You had one spell level left.
You knew the following spells:

 Your Spells              Type           Power      Damage    Failure   Level
a - Pain                  Necr           0%         1d4       54%         1

Your spell library contained the following spells:

 Spells                   Type           Power      Damage    Failure   Level
 Magic Dart               Conj           0%         1d3       58%         1
 Sublimation of Blood     Necr           0%         N/A       69%         2
 Corpse Rot               Necr/Air       N/A        N/A       71%         2
 Searing Ray              Conj           0%         3d3       75%         2
 Vampiric Draining        Necr           0%         2d6       89%         3
 Dazzling Flash           Conj/Hex       0%         N/A       92%         3
 Fulminant Prism          Conj/Hex       0%         3d6       100%        4
 Iskenderun's Mystic Bla  Conj/Tloc      0%         2d3       100%        4


Dungeon Overview and Level Annotations

Branches:
Dungeon (3/15)

Altars:
Kikubaaqudgha


Innate Abilities, Weirdness & Mutations

You have sharp toenails.
Your demonic aura sometimes causes spilled blood to erupt in flames.


Message History

A ball python comes into view.
You see here a frilled lizard corpse.
An orc comes into view. It is wielding a +0 club.
An orc comes into view.
It is wielding a +0 flail and wearing a +2 leather armour of cold resistance.
Found 10 gold pieces.
You reach to attack!
You closely miss the orc.
The orc shouts!
The orc shouts!
The ball python hisses angrily.
You puncture the orc!
You kill the orc!
Kikubaaqudgha accepts your kill.
You hit the orc but do no damage. The orc barely misses you.
The orc hits you with a +0 mace. You block the orc's attack.
You hit the orc but do no damage. You claw the orc, but do no damage.
The orc hits you with a +0 mace. The orc hits you but does no damage.
The orc hits you with a +0 mace.
You hit the orc but do no damage. The orc hits you with a +0 whip.
You closely miss the orc. The orc completely misses you.
You block the orc's attack. The orc barely misses you.
You see here a frilled lizard corpse.
There is a stone staircase leading up here.
You closely miss the orc. The ball python barely misses you.
The ball python grabs you. The ball python constricts you.
You block the ball python's attack. The ball python constricts you.
You escape the ball python's grasp.
You block the orc's attack. The orc hits you with a +0 whip.
The orc barely misses you.
You climb upwards.
There is a stone staircase leading down here.
You closely miss the orc. You claw the orc, but do no damage.
You block the ball python's attack. x2; You block the orc's attack.
The orc closely misses you. The ball python barely misses you.
The ball python grabs you. The ball python constricts you.
The orc hits you with a +0 flail.
You barely miss the orc. Your kick misses the orc.
The orc hits you with a +0 mace!
* * * LOW HITPOINT WARNING * * *
The ball python completely misses you. The ball python constricts you.
The orc hits you with a +0 flail!
You die...
Kikubaaqudgha rasps: "You have failed me!
Welcome... death!"

############
#..........#
##.########.# <#.#
#.# .#.# #.# .#.#
#)#
.#.########.######
...............oS#
......##.###.###@#
......##.# #.# #o#
......##.# #.# #o#
......##.# #.# #.#
......##.# #.# #.#
......##.# #.# #.#
##..####.# #.# #.#
##...# #.# #.# #.#
.....# #.# #.# #.#


You could see 3 orcs and a ball python.

Vanquished Creatures
  An adder (D:2)
  2 dart slugs (D:1)
  An orc (D:3)
  3 bats
  5 endoplasms
  3 goblins
  2 hobgoblins
  7 jackals
  4 kobolds
  4 ball pythons
  4 frilled lizards
  4 rats (D:2)
40 creatures vanquished.

Notes
Turn   | Place    | Note
-------+----------+-------------------------------------------
     0 | D:1      | DasRunzen the Demonspawn Gladiator began the quest for the
                  | Orb.
     0 | D:1      | Reached XP level 1. HP: 16/16 MP: 1/1
    68 | D:1      | Gained mutation: Your demonic aura sometimes causes spilled
                  | blood to erupt in flames. [demonic ancestry]
    68 | D:1      | Reached XP level 2. HP: 19/22 MP: 2/2
  1193 | D:2      | Gained mutation: You have sharp toenails. [demonic
                  | ancestry]
  1193 | D:2      | Reached XP level 3. HP: 28/28 MP: 3/3
  1314 | D:2      | Found a faded altar of an unknown god.
  1322 | D:2      | Became a worshipper of Kikubaaqudgha
  1322 | D:2      | Reached * piety under Kikubaaqudgha
  1322 | D:2      | Identified Kikubaaqudgha's Guide on Necromancy
                  | (Kikubaaqudgha gifted it to you on level 2 of the Dungeon)
  1322 | D:2      | Received a gift from Kikubaaqudgha
  1328 | D:2      | Learned a level 1 spell: Pain
  2204 | D:2      | Slain by an orc

Illustrated notes

Levels and vault maps discovered:
D:1:      amcnicky_arrival_feature_with_door, layout_basic,
          minmay_tiny_reverse_x
D:2:      minmay_evil_eye, layout_loops_ring, ebering_ecumenical_altar_mist,
          minmay_misc_feat_alley, chequers_serial_rivers_small_b, minivault_14,
          minivault_23
D:3:      layout_basic, nicolae_wu_jian_immortal_techniques, serial_shops,
          nicolae_shop_waterfront, minmay_fountain_box, uniq_terence,
          uniq_purgy, uniq_grinder

Skill      XL: |  1  2 |
---------------+-------+-----
Dodging        | 3 |  3.3
Polearms       | 3 |  3.2
Fighting       | |  2.7
Throwing       | |  1.7
Shields        | |  0.4
Spellcasting   | |  0.1
Necromancy     | |  0.3

Action                   || total
-------------------------++-------
Melee: Trident           ||   127
       Kick              ||    10
  Use: Scroll            ||     4
 Stab: Sleeping          ||     1
Armor: Leather armour    ||    31
Dodge: Dodged            ||    68
Block: Buckler           ||    15

Table legend: (Time is in decaauts)
 A = Elapsed time spent in this place.
 B = Non-inter-level travel time spent in this place.
 C = Inter-level travel time spent in this place.
 D = Time resting spent in this place.
 E = Time spent auto-exploring this place.
 F = Levels seen in this place.
 G = Mean time per level.
                   A        B        C        D        E       F      G
               +--------+--------+--------+--------+--------+-----+--------+
         Total |   2230 |   2198 |     32 |    163 |   1750 |   3 |  743.3 |
       Dungeon |   2230 |   2198 |     32 |    163 |   1750 |   3 |  743.3 |
               +--------+--------+--------+--------+--------+-----+--------+

Top non-repeatable levels by time:
     D:1: 1197 daAuts
     D:2: 1013 daAuts
     D:3: 19 daAuts
